 Dungeon Sprint DCSS version 0.27-a0-79-gcaaa221d37 (webtiles) character file.

Game seed: 17475253828377616525

222377 mhtbhm the Archmage (level 16, -2/123 HPs)
             Began as a Deep Elf Earth Elementalist on Jan 15, 2021.
             Was the Champion of Vehumet.
             Slain by a hell beast (12 damage)
             ... in the Dungeon (Sprint III: "The Ten Rune Challenge").
             The game lasted 00:51:25 (8647 turns).

mhtbhm the Archmage (Deep Elf Earth Elementalist)   Turns: 8647, Time: 00:51:26

Health: -2/123     AC: 36    Str:  5    XL:     16   Next: 68%
Magic:  44/55      EV: 24    Int: 34    God:    Vehumet [******]
Gold:   5801       SH:  5    Dex: 15    Spells: 15/69 levels left

rFire    . . .     SeeInvis +   P - +6 Majin-Bo {vamp, MP+6 Int+6}
rCold    . . .     Faith    .   (shield currently unavailable)
rNeg     + . .     Spirit   .   (armour currently unavailable)
rPois    ∞         Reflect  +   I - +2 hat
rElec    +         Harm     .   q - +0 cloak
rCorr    .         Rampage  .   (gloves currently unavailable)
Will     ++...     NoTele   +   (boots currently unavailable)
Stlth    ++........             x - amulet of reflection
HPRegen  0.30/turn              y - ring of willpower
MPRegen  0.34/turn              v - ring "Wohufef" {Slay+2 Stlth+}

@: statue-form, glowing, silenced, very slow
A: see invisible, sense surroundings 1
}: 5/10 runes: serpentine, barnacled, silver, golden, demonic
a: End Transformation, Renounce Religion


You were in the Dungeon.
You worshipped Vehumet.
Vehumet was exalted by your worship.
You were a stone statue.
You visited 1 branch You collected 6808 gold pieces.
You spent 1007 gold pieces at shops.

Inventory:

Hand Weapons
 P - the +6 Majin-Bo (weapon) {vamp, MP+6 Int+6}
   (You acquired it in the Dungeon)

   It inflicts no extra harm, but heals its wielder when it wounds a living foe.
   It affects your intelligence (+6).
   It affects your magic capacity (+6).
Missiles
 b - 67 stones
 C - 7 curare-tipped darts
Armour
 c - a +1 robe of poison resistance (melded)
 k - a +2 pair of boots of stealth
 q - a +0 cloak (worn)
 D - a +2 pair of boots of flying (melded)
 E - a +2 pair of gloves of dexterity (melded)
 I - a +2 hat (worn)
 T - +0 gold dragon scales
Magical Staves
 a - an uncursed staff of earth
Jewellery
 r - an uncursed ring of resist corrosion
 v - the ring "Wohufef" (right hand) {Slay+2 Stlth+}
   (You took it off a deep elf death mage in the Dungeon)

   [ring of stealth]

   It affects your accuracy and damage with ranged weapons and melee attacks
   (+2).
   It makes you more stealthy.
 w - the amulet "Zoshraurph" {Faith rPois}
   (You took it off a deep elf blademaster in the Dungeon)

   [amulet of faith]

   It allows you to gain divine favour quickly.
   It protects you from poison.
 x - an amulet of reflection (around neck)
 y - a ring of willpower (left hand)
 N - an uncursed ring of protection from fire
Wands
 B - a wand of iceblast (22)
 F - a wand of disintegration (17)
 H - a wand of random effects (18)
 O - a wand of digging (10)
Scrolls
 f - 2 scrolls of identify
 l - a scroll of enchant armour
 o - a scroll of remove curse
 u - 5 scrolls of amnesia
Potions
 g - 2 potions of magic
 h - 3 potions of berserk rage
 j - 3 potions of mutation
 n - a potion of lignification
 p - a potion of brilliance
 G - a potion of invisibility
 Q - 3 potions of flight
 V - 3 potions of haste
 X - a potion of might
Miscellaneous
 i - a phantom mirror
 t - a condenser vane (inert)
 J - a lightning rod (inert)
 R - a box of beasts


   Skills:
 + Level 8.8 Fighting
 + Level 2.9 Staves
 + Level 16.2 Dodging
 - Level 6.9 Stealth
 + Level 5.6 Shields
 O Level 27 Spellcasting
 + Level 22.5 Conjurations
 + Level 18.6 Transmutations
 + Level 19.2 Fire Magic
 - Level 4.8 Air Magic
 O Level 27 Earth Magic
 - Level 4.0 Poison Magic
 + Level 7.0 Evocations


You had 15 spell levels left.
You knew the following spells:

 Your Spells              Type           Power        Failure   Level
a - Sandblast             Erth           100%         0%          1
b - Passwall              Tmut/Erth      96%          0%          2
c - Stone Arrow           Conj/Erth      100%         0%          3
d - Lee's Rapid Deconstr  Erth           62%          0%          5
e - Petrify               Tmut/Erth      100%         0%          4
f - Mephitic Cloud        Conj/Pois/Air  86%          0%          3
g - Fireball              Conj/Fire      56%          0%          5
h - Lehudib's Crystal Sp  Conj/Erth      60%          1%          8
i - Shatter               Erth           62%          1%          9
j - Ignition              Fire           54%          1%          8
k - Statue Form           Tmut/Erth      77%          0%          6

Your spell library contained the following spells:

 Spells                   Type           Power        Failure   Level
 Chain Lightning          Conj/Air       47%          3%          8
 Wereblood                Tmut           100%         0%          2
 Ignite Poison            Fire/Tmut/Pois 96%          0%          3
 Bolt of Magma            Conj/Fire/Erth 58%          0%          5
 Irradiate                Conj/Tmut      55%          0%          5
 Iron Shot                Conj/Erth      60%          0%          6
 Animate Skeleton         Necr           90%          1%          1
 Apportation              Tloc           90%          1%          1
 Corona                   Hex            50%          1%          1
 Summon Small Mammal      Summ           100%         1%          1
 Blink                    Tloc           N/A          1%          2
 Corpse Rot               Necr/Air       N/A          1%          2
 Swiftness                Air            68%          1%          2
 Confusing Touch          Hex            45%          1%          3
 Frozen Ramparts          Ice            90%          1%          3
 Gell's Gravitas          Tloc           22%          1%          3
 Lesser Beckoning         Tloc           22%          1%          3
 Portal Projectile        Hex/Tloc       90%          1%          3
 Teleport Other           Tloc           45%          1%          3
 Airstrike                Air            34%          1%          4
 Leda's Liquefaction      Hex/Erth       47%          1%          4
 Summon Lightning Spire   Summ/Air       58%          1%          4
 Alistair's Intoxication  Tmut/Pois      59%          1%          5
 Lightning Bolt           Conj/Air       47%          1%          5
 Yara's Violent Unravell  Hex/Tmut       41%          1%          5
 Eringya's Noxious Bog    Tmut/Pois      44%          1%          6
 Hydra Form               Tmut           53%          1%          6
 Passage of Golubria      Tloc           N/A          4%          4
 Silence                  Hex/Air        29%          4%          5
 Metabolic Englaciation   Hex/Ice        22%          13%         5
 Summon Forest            Summ/Tloc      22%          13%         5
 Necromutation            Tmut/Necr      41%          54%         8
 Haunt                    Necr/Summ      22%          98%         7
 Summon Hydra             Summ           22%          98%         7
 Borgnjor's Revivificati  Necr           22%          100%        8
 Infestation              Necr           22%          100%        8
 Death's Door             Necr           22%          100%        9


Dungeon Overview and Level Annotations

Branches:
Dungeon (1/1)

Altars:
Cheibriados
Dithmenos
Elyvilon
Fedhas
Gozag
Hepliaklqana
Kikubaaqudgha
Makhleb
Nemelex Xobeh
Okawaru
Qazlal
Ru
Sif Muna
Trog
Uskayaw
Vehumet
Wu Jian
Xom
Yredelemnul
Zin
The Shining One
Beogh
Jiyva
Lugonu

Shops:
D ![}=[!:!!!}!([(}([?=:}

Annotations:
D Mennas, Roxanne


Innate Abilities, Weirdness & Mutations

You have supernaturally acute eyesight. (SInv)
You passively map a small area around you.


Message History

* * * LOW HITPOINT WARNING * * *
You hold your ground!
An ice devil comes into view.
The hell beast closely misses you. The hell beast completely misses you.
You block the golden dragon zombie's attack.
The golden dragon zombie claws you but does no damage.
You block the golden dragon zombie's attack.
Unknown command.
Evoke which item? (* to show all) (? for menu, Esc to quit)
Aiming: Thunderbolt
Press: ? - help, Shift-Dir - straight line, f/p - golden dragon zombie
Aim: a golden dragon zombie (poison gas, silenced, severely damaged, haloed)
The thunderbolt hits Mennas.
Mennas resists.
Mennas is moderately wounded.
The thunderbolt hits the golden dragon zombie.
The golden dragon zombie is severely damaged.
The lightning rod overheats!
The hell beast bites you but does no damage.
The hell beast tramples you!
You die...

** * * #####
########'######### ,
....≈,#... ##...##, ≈
.....≈#..,##.....##+*
......#..##.......#
,, ≈
.....(.☼..'.......+,
, ......#.###.......#
* , .....
§AZ≈##.....## , ....
#Z#'###...## * *#++
#8#.# ##+## #2##### ^
**** .2.'∩∩# ≈ ^ * *
...##∩∩# *
...###..#,, , 4.8.
+..+ ≈ , ,
##...**#..# * , *
##.# #..#, , , #..#
'*


You could see Roxanne, Mennas (silencing), 2 hell beasts, an ice devil, a golden
dragon zombie and a titan zombie.

Vanquished Creatures
  Boris (D)
  2 royal mummies (D)
  Sojobo (D)
  2 golden dragons (D)
  Nellie (D)
  Rupert (D)
  A deep elf blademaster (D)
  2 titans (D)
  A lich (D)
  Polyphemus (D)
  A quicksilver dragon (D)
  Gastronok (D)
  2 sphinxes (D)
  Harold (D)
  Chuck (D)
  3 shadow dragons (D)
  A nagaraja (D)
  Ilsuiw (D)
  A fire giant (D)
  4 azure jellies (D)
  A stone giant (D)
  2 deep elf demonologists (D)
  A deep elf annihilator (D)
  Azrael (D)
  2 dire elephants (D)
  6 mummy priests (D)
  A deep elf death mage (D)
  A merfolk javelineer (D)
  A fire dragon (D)
  Erolcha (D)
  A deep elf high priest (D)
  3 yaktaur captains (D)
  A boulder beetle (shapeshifter) (D)
  An ogre mage (D)
  16 vault guards (D)
  A naga warrior (D)
  2 anacondas (D)
  A hydra (D)
  2 centaur warriors (D)
  4 dancing weapons (D)
  4 death yaks (D)
  2 two-headed ogres (shapeshifter) (D)
  Urug (D)
  2 deep elf knights (D)
  An anaconda zombie (D)
  7 skeletal warriors (D)
  A death drake (D)
  A sea snake (D)
  A spriggan druid (D)
  A lindwurm (D)
  2 obsidian statues (D)
  Joseph (D)
  5 deep elf magi (D)
  4 crystal guardians (D)
  An orc sorcerer (D)
  2 oklob plants (D)
  A faun (shapeshifter) (D)
  7 ugly things (D)
  2 elephants (D)
  A guardian serpent (D)
  11 black mambas (D)
  A stone giant skeleton (D)
  4 statues (D)
  2 cane toads (D)
  2 anaconda simulacra (D)
  A rime drake (D)
  A komodo dragon (D)
  2 yaktaurs (D)
  14 guardian mummies (D)
  2 tyrant leeches (D)
  4 spriggan defenders (D)
  A queen bee (D)
  3 wandering mushrooms (D)
  2 orc high priests (D)
  4 slime creatures (D)
  3 dream sheep (D)
  8 blink frogs (D)
  5 redbacks (D)
  A shadow (D)
  2 spriggans (D)
  A spatial vortex (D)
  2 nagas (D)
  A floating eye (D)
  7 water moccasins (D)
  A swamp drake (D)
  A black mamba simulacrum (D)
  A necrophage (D)
  2 fire dragon simulacra (D)
  5 two-headed ogres (D)
  A water elemental (D)
  32 killer bees (D)
  A jelly (D)
  3 orc priests (D)
  7 orc wizards (D)
  A wizard (D)
  Crazy Yiuf (D)
  A necromancer (D)
  A wolf simulacrum (D)
  3 humans (D)
  A kobold demonologist (D)
  4 adders (D)
  9 orcs (D)
  4 rats (D)
  3 bushes (D)
  10 butterflies (D)
301 creatures vanquished.

Vanquished Creatures (collateral kills)
  A titan zombie (D)
1 creature vanquished.

Vanquished Creatures (others)
  A hydra (D)
  An electric eel (D)
  19 plants (D)
21 creatures vanquished.

Grand Total: 323 creatures vanquished

Notes
Turn   | Place    | Note
-------+----------+-------------------------------------------
     0 | D        | mhtbhm the Deep Elf Earth Elementalist began the quest for
                  | the Orb.
     0 | D        | Reached XP level 1. HP: 10/10 MP: 6/6
    93 | D        | Reached skill level 5 in Earth Magic
    93 | D        | Reached XP level 2. HP: 15/15 MP: 2/9
    96 | D        | Learned a level 2 spell: Passwall
   163 | D        | Gained mutation: You are frail. (-10% HP) [potion of
                  | mutation]
   163 | D        | Gained mutation: You evolve. [potion of mutation]
   164 | D        | Lost mutation: You evolve. [potion of mutation]
   164 | D        | Lost mutation: You are frail. (-10% HP) [potion of
                  | mutation]
   164 | D        | Gained mutation: You passively map a small area around you.
                  | [potion of mutation]
   164 | D        | Gained mutation: You have supernaturally acute eyesight.
                  | (SInv) [potion of mutation]
   170 | D        | Noticed Crazy Yiuf
   176 | D        | Killed Crazy Yiuf
   177 | D        | Reached skill level 5 in Spellcasting
   177 | D        | Reached XP level 3. HP: 18/19 MP: 8/12
   210 | D        | Noticed a water elemental
   218 | D        | Killed a water elemental
   219 | D        | Reached XP level 4. HP: 9/24 MP: 6/15
   403 | D        | Learned a level 3 spell: Stone Arrow
   411 | D        | Found a radiant altar of Vehumet.
   411 | D        | Found a shimmering blue altar of Sif Muna.
   411 | D        | Found an ancient bone altar of Kikubaaqudgha.
   411 | D        | Noticed a wizard
   413 | D        | Killed a wizard
   415 | D        | Reached XP level 5. HP: 28/28 MP: 13/17
   426 | D        | Became a worshipper of Vehumet
   433 | D        | Learned a level 5 spell: Lee's Rapid Deconstruction
   438 | D        | Learned a level 4 spell: Petrify
   448 | D        | Found a glowing silver altar of Zin.
   448 | D        | Found a glowing golden altar of the Shining One.
   448 | D        | Found a white marble altar of Elyvilon.
   448 | D        | Noticed a deep elf mage
   451 | D        | Killed a deep elf mage
   452 | D        | Reached skill level 5 in Dodging
   452 | D        | Reached XP level 6. HP: 32/32 MP: 2/23
   452 | D        | Reached XP level 7. HP: 36/36 MP: 2/24
   566 | D        | Found a hide-covered altar of Uskayaw.
   566 | D        | Found a roughly hewn altar of Beogh.
   566 | D        | Found an iron altar of Okawaru.
   566 | D        | Found a bloodstained altar of Trog.
   566 | D        | Found an ornate altar of the Wu Jian Council.
   566 | D        | Noticed a human
   566 | D        | Noticed a human
   568 | D        | Killed a human
   569 | D        | Killed a human
   569 | D        | Reached * piety under Vehumet
   569 | D        | Offered knowledge of Shock by Vehumet.
   655 | D        | Found a basalt altar of Yredelemnul.
   655 | D        | Found a shadowy altar of Dithmenos.
   655 | D        | Found a sacrificial altar of Ru.
   708 | D        | Reached ** piety under Vehumet
   708 | D        | Offered knowledge of Foxfire by Vehumet.
   708 | D        | Noticed a shadow
   711 | D        | Killed a shadow
   712 | D        | Reached XP level 8. HP: 41/41 MP: 11/28
   791 | D        | Found a blossoming altar of Fedhas.
   791 | D        | Found a stormy altar of Qazlal.
   791 | D        | Found a snail-covered altar of Cheibriados.
   791 | D        | Found a burning altar of Makhleb.
   791 | D        | Found a shimmering altar of Xom.
   792 | D        | Found a hazy altar of Hepliaklqana.
   792 | D        | Found an opulent altar of Gozag.
   792 | D        | Found a sparkling altar of Nemelex Xobeh.
   792 | D        | Found a corrupted altar of Lugonu.
   792 | D        | Found a viscous altar of Jiyva.
   874 | D        | Offered knowledge of Dazzling Flash by Vehumet.
   874 | D        | Reached *** piety under Vehumet
   875 | D        | Reached skill level 15 in Spellcasting
   947 | D        | Noticed a two-headed ogre
   952 | D        | Killed a two-headed ogre
  1195 | D        | Noticed a two-headed ogre
  1195 | D        | Noticed Erolcha
  1200 | D        | Killed Erolcha
  1200 | D        | Offered knowledge of Mephitic Cloud by Vehumet.
  1201 | D        | Reached skill level 15 in Earth Magic
  1201 | D        | Reached XP level 9. HP: 46/46 MP: 15/32
  1202 | D        | Killed a two-headed ogre
  1202 | D        | Reached **** piety under Vehumet
  1207 | D        | Learned a level 3 spell: Mephitic Cloud
  1318 | D        | Noticed a wandering mushroom
  1323 | D        | Noticed a wandering mushroom
  1326 | D        | Killed a wandering mushroom
  1326 | D        | Offered knowledge of Hailstorm by Vehumet.
  1327 | D        | Noticed a wandering mushroom
  1332 | D        | Killed a wandering mushroom
  1338 | D        | Killed a wandering mushroom
  1338 | D        | Reached ***** piety under Vehumet
  1339 | D        | Reached skill level 1 in Conjurations
  1370 | D        | Found Hecsom's Jewellery Emporium.
  1370 | D        | Noticed an orc sorcerer
  1371 | D        | Noticed a smoke demon
  1377 | D        | Killed an orc sorcerer
  1378 | D        | Reached XP level 10. HP: 39/51 MP: 11/35
  1379 | D        | Reached ****** piety under Vehumet
  1558 | D        | Noticed a deep elf mage
  1558 | D        | Noticed a deep elf knight
  1558 | D        | Noticed a deep elf knight
  1558 | D        | Noticed a deep elf mage
  1558 | D        | Noticed a deep elf mage
  1566 | D        | Killed a deep elf mage
  1566 | D        | Offered knowledge of Olgreb's Toxic Radiance by Vehumet.
  1570 | D        | Killed a deep elf mage
  1571 | D        | Killed a deep elf knight
  1572 | D        | Killed a deep elf mage
  1579 | D        | Killed a deep elf knight
  1822 | D        | Identified the amulet "Zoshraurph" {Faith rPois}
  1822 | D        | Noticed a deep elf blademaster
  1830 | D        | Identified the cursed +1 scale mail of Ru's Grace {rF+
                  | Int+3}
  1830 | D        | Noticed a deep elf high priest
  1833 | D        | Killed a deep elf high priest
  1835 | D        | Noticed a deep elf demonologist
  1835 | D        | Identified the ring "Wohufef" {Slay+2 Stlth+}
  1835 | D        | Noticed a deep elf death mage
  1836 | D        | Killed a deep elf demonologist
  1836 | D        | Killed a deep elf mage
  1836 | D        | Offered knowledge of Freezing Cloud by Vehumet.
  1837 | D        | Reached XP level 11. HP: 38/55 MP: 19/39
  1837 | D        | Killed a deep elf death mage
  1921 | D        | Noticed a deep elf annihilator
  1930 | D        | Noticed a deep elf demonologist
  1930 | D        | Killed a deep elf blademaster
  1931 | D        | Killed a deep elf demonologist
  1932 | D        | Killed a deep elf annihilator
  2081 | D        | Identified Sif Muna's Compendium of Weightlessness
  2085 | D        | Identified the Collected Works on Transformation and the
                  | Glacier
  2085 | D        | Identified the Collected Works on Twisted Toxins
  2193 | D        | Bought an uncursed ring of flight for 175 gold pieces
  2252 | D        | Noticed Harold
  2252 | D        | Noticed Joseph
  2257 | D        | Killed Harold
  2257 | D        | Offered knowledge of Fireball by Vehumet.
  2259 | D        | Killed Joseph
  2352 | D        | Learned a level 5 spell: Fireball
  2357 | D        | Reached XP level 12. HP: 53/60 MP: 37/42
  2456 | D        | Found Senuil's Antique Armour Shop.
  2456 | D        | Found Wemem's Weapon Boutique.
  2456 | D        | Found Hiuturr's Gadget Shoppe.
  2456 | D        | Found Xauptaco's Gadget Boutique.
  2456 | D        | Found Vajo Naa's Antique Weapon Emporium.
  2456 | D        | Found Buwunk's Armour Shoppe.
  2456 | D        | Found Volec's Book Shop.
  2456 | D        | Found Xafaurgha's Antique Weapon Shop.
  2456 | D        | Found Ceicamm's Jewellery Emporium.
  2456 | D        | Found Pexuawe's Distillery.
  2456 | D        | Found Kabomoen's Magic Scroll Boutique.
  2490 | D        | Bought a +2 pair of boots of flying for 236 gold pieces
  2492 | D        | Bought a potion of heal wounds for 55 gold pieces
  2495 | D        | Bought a scroll of identify for 22 gold pieces
  2495 | D        | Bought a scroll of identify for 22 gold pieces
  2499 | D        | Bought a pair of runed gloves for 172 gold pieces
  2564 | D        | Offered knowledge of Starburst by Vehumet.
  2671 | D        | Reached skill level 1 in Fighting
  2892 | D        | Found Vach's Distillery.
  2892 | D        | Found Hepn's Distillery.
  2892 | D        | Found Ydaedon's Distillery.
  2892 | D        | Found Qaliug's Gadget Shoppe.
  2900 | D        | Bought a potion of invisibility for 80 gold pieces
  2953 | D        | Noticed Mennas
  3031 | D        | Offered knowledge of Orb of Destruction by Vehumet.
  3210 | D        | Noticed a centaur warrior
  3211 | D        | Killed a centaur warrior
  3274 | D        | Noticed a fire dragon
  3282 | D        | Killed a fire dragon
  3429 | D        | Noticed a centaur warrior
  3430 | D        | Killed a centaur warrior
  3431 | D        | Reached skill level 1 in Staves
  3436 | D        | Offered knowledge of Spellforged Servitor by Vehumet.
  3474 | D        | Reached skill level 27 in Spellcasting
  3580 | D        | Killed a yaktaur captain
  3580 | D        | Offered knowledge of Lehudib's Crystal Spear by Vehumet.
  3581 | D        | Reached XP level 13. HP: 65/65 MP: 42/46
  3590 | D        | Learned a level 8 spell: Lehudib's Crystal Spear
  3723 | D        | Reached skill level 1 in Poison Magic
  3869 | D        | Offered knowledge of Shatter by Vehumet.
  3869 | D        | Offered knowledge of Chain Lightning by Vehumet.
  3869 | D        | Offered knowledge of Ignition by Vehumet.
  3902 | D        | Noticed Urug
  3911 | D        | Killed Urug
  4004 | D        | Learned a level 9 spell: Shatter
  4037 | D        | Reached skill level 1 in Air Magic
  4193 | D        | Noticed Rupert
  4196 | D        | Killed Rupert
  4197 | D        | Reached skill level 1 in Fire Magic
  4256 | D        | Reached skill level 5 in Conjurations
  4331 | D        | Noticed an azure jelly
  4331 | D        | Noticed an azure jelly
  4466 | D        | Reached skill level 5 in Transmutations
  4626 | D        | Learned a level 8 spell: Ignition
  4632 | D        | Noticed a nagaraja
  4635 | D        | Killed a nagaraja
  4636 | D        | Reached skill level 27 in Earth Magic
  4641 | D        | Found Gebup's Distillery.
  4641 | D        | Found Hacyp's Antique Armour Emporium.
  4643 | D        | Found Otilibach's Gadget Shop.
  4735 | D        | Bought a potion of heal wounds for 65 gold pieces
  4753 | D        | Got a serpentine rune of Zot
  4828 | D        | Noticed an azure jelly
  4828 | D        | Noticed an azure jelly
  4829 | D        | Noticed a dire elephant
  4829 | D        | Noticed a dire elephant
  4829 | D        | Noticed Gastronok
  4833 | D        | Killed a dire elephant
  4834 | D        | Reached XP level 14. HP: 37/71 MP: 35/47
  4838 | D        | Reached skill level 5 in Fire Magic
  4841 | D        | Killed Gastronok
  4842 | D        | Reached skill level 10 in Conjurations
  5014 | D        | Killed an azure jelly
  5016 | D        | Killed an azure jelly
  5017 | D        | Killed an azure jelly
  5020 | D        | Killed an azure jelly
  5503 | D        | Noticed an ancient lich
  5558 | D        | Learned a level 6 spell: Statue Form
  5597 | D        | Noticed a sphinx
  5597 | D        | Noticed a sphinx
  5599 | D        | Paralysed by a sphinx for 3 turns
  5604 | D        | Killed a sphinx
  5605 | D        | Reached skill level 10 in Dodging
  5607 | D        | Killed a sphinx
  5608 | D        | Reached skill level 1 in Shields
  5859 | D        | Reached skill level 15 in Conjurations
  6118 | D        | Noticed a royal mummy
  6118 | D        | Identified the cursed +3 halberd of Integrity {pain, SInv}
  6118 | D        | Noticed a royal mummy
  6120 | D        | Noticed an emperor scorpion
  6120 | D        | Noticed an emperor scorpion
  6120 | D        | Noticed an emperor scorpion
  6120 | D        | Noticed an emperor scorpion
  6127 | D        | Reached skill level 10 in Transmutations
  6128 | D        | Reached skill level 1 in Evocations
  6128 | D        | Killed a royal mummy
  6129 | D        | Reached skill level 5 in Fighting
  6129 | D        | Reached skill level 10 in Fire Magic
  6129 | D        | Reached XP level 15. HP: 27/82 MP: 7/48
  6132 | D        | Killed a royal mummy
  6132 | D        | HP: 3/106 [something (5)]
  6156 | D        | Got a golden rune of Zot
  6541 | D        | Noticed Chuck
  6544 | D        | Killed Chuck
  6626 | D        | Noticed Sojobo
  6631 | D        | Killed Sojobo
  6768 | D        | Noticed a lich
  6771 | D        | Killed a lich
  6821 | D        | Noticed a shadow dragon
  6821 | D        | Noticed a shadow dragon
  6832 | D        | Killed a shadow dragon
  6833 | D        | Killed a shadow dragon
  6999 | D        | Noticed a golden dragon
  6999 | D        | Noticed a titan
  6999 | D        | Noticed a fire giant
  6999 | D        | Noticed a golden dragon
  6999 | D        | Noticed a shadow dragon
  6999 | D        | Noticed a quicksilver dragon
  7001 | D        | Noticed a titan
  7002 | D        | Killed a fire giant
  7003 | D        | Killed a titan
  7003 | D        | Killed a titan
  7004 | D        | Reached skill level 15 in Transmutations
  7004 | D        | Reached skill level 15 in Fire Magic
  7004 | D        | Killed a quicksilver dragon
  7005 | D        | Reached XP level 16. HP: 92/92 MP: 42/49
  7006 | D        | Reached skill level 5 in Evocations
  7007 | D        | Killed a golden dragon
  7007 | D        | Killed a golden dragon
  7008 | D        | Killed a shadow dragon
  7048 | D        | Got a silver rune of Zot
  7072 | D        | Identified the Grimoire of the Traveller
  7267 | D        | Noticed Nellie
  7270 | D        | Killed Nellie
  7354 | D        | Got a demonic rune of Zot
  7360 | D        | Acquired the +6 Majin-Bo {vamp, MP+6 Int+6}
  7361 | D        | Found the +6 Majin-Bo {vamp, MP+6 Int+6}
  7445 | D        | Reached skill level 15 in Dodging
  7538 | D        | Acquired 1109 gold pieces
  7878 | D        | Noticed Polyphemus
  7880 | D        | Reached skill level 5 in Shields
  7882 | D        | Killed Polyphemus
  7882 | D        | Noticed Ilsuiw
  7885 | D        | Killed Ilsuiw
  7989 | D        | Found Ompom's Antique Armour Emporium.
  7995 | D        | Found Genejeil's Distillery.
  7996 | D        | Found Vecoscho's Book Shoppe.
  8017 | D        | Bought a potion of heal wounds for 60 gold pieces
  8017 | D        | Bought a potion of haste for 120 gold pieces
  8030 | D        | Got a barnacled rune of Zot
  8208 | D        | Noticed Azrael
  8211 | D        | Killed Azrael
  8478 | D        | Acquired 667 gold pieces
  8482 | D        | Acquired 1264 gold pieces
  8617 | D        | Noticed Boris
  8637 | D        | Killed Boris
  8643 | D        | Noticed Roxanne
  8644 | D        | HP: 4/123 [golden dragon zombie (15)]
  8647 | D        | Slain by a hell beast

Illustrated notes

Levels and vault maps discovered:
D:        dungeon_sprint_mu [sprint_mu_entry_cave, sprint_mu_temple_rooms,
          sprint_mu_d1_spiders, sprint_mu_d2_genie, sprint_mu_d3_branching,
          sprint_mu_orc_legion, sprint_mu_elf_gauntlet, sprint_mu_hive_nellie,
          sprint_mu_lair_fedhas, sprint_mu_vaults_butterflies,
          sprint_mu_slime_circle, sprint_mu_shoals_archi,
          sprint_mu_snake_twists, sprint_mu_blade_basic, sprint_mu_crypt_lich,
          sprint_mu_tomb_spiral, sprint_mu_vestibule_basic,
          sprint_mu_gehenna_hellfire, sprint_mu_dis_giant,
          sprint_mu_tartarus_statrot, sprint_mu_cocytus_islands, sprint_mu_zot1]

Skill      XL: |  1  2  3  4  5  6  7  8  9 10 11 12 13 14 15 16 |
---------------+-------------------------------------------------+-----
Earth Magic    | 5 6 7 8 11 13 15 16 18 20 23 27 | 27.0
Dodging        | 3 4 5 6 7 11 13 16 | 16.2
Stealth        | 3 4 6 |  6.9
Spellcasting   | 4 5 7 12 14 17 19 22 24 27 | 27.0
Transmutations | 2 3 5 11 15 18 | 18.6
Conjurations   | 2 3 7 16 20 22 | 22.5
Fighting       | 1 5 7 8 |  8.8
Staves         | 2 |  2.9
Poison Magic   | 1 3 4 |  4.0
Air Magic      | 1 4 |  4.8
Fire Magic     | 4 10 16 19 | 19.2
Shields        | 2 4 5 |  5.6
Evocations     | 1 4 7 |  7.0

Action                   |  1- 3 |  4- 6 |  7- 9 | 10-12 | 13-15 | 16-18 || total
-------------------------+-------+-------+-------+-------+-------+-------++-------
Melee: Quarterstaff      |       |       |       |     5 |       |    12 ||    17
       Staff             |       |       |       |    13 |     6 |       ||    19
 Cast: Sandblast         |    18 |     3 |       |       |       |       ||    21
       Passwall          |     1 |       |       |     2 |       |       ||     3
       Lee's Rapid Decon |       |     3 |    31 |    75 |   111 |    27 ||   247
       Stone Arrow       |       |       |     7 |     4 |       |       ||    11
       Mephitic Cloud    |       |       |     1 |     2 |     6 |     1 ||    10
       Petrify           |       |       |       |     1 |     4 |     5 ||    10
       Fireball          |       |       |       |       |     8 |     1 ||     9
       Lehudib's Crystal |       |       |       |       |    17 |     1 ||    18
       Shatter           |       |       |       |       |    11 |    18 ||    29
       Statue Form       |       |       |       |       |     7 |     5 ||    12
       Ignition          |       |       |       |       |     3 |       ||     3
Evoke: Condenser vane    |       |       |       |     1 |     3 |     3 ||     7
       Lightning rod     |       |       |       |       |       |     6 ||     6
       Phantom mirror    |       |       |       |       |       |     1 ||     1
  Use: Potion            |     2 |       |       |     2 |     4 |     8 ||    16
       Scroll            |       |       |       |     1 |     7 |    13 ||    21
Armor: Robe              |       |       |       |     4 |     3 |       ||     7
       Skin              |       |       |       |       |     9 |    54 ||    63
Dodge: Dodged            |     6 |       |     2 |     7 |    27 |    55 ||    97
Block: Other             |       |       |       |     3 |     9 |    29 ||    41

Table legend: (Time is in decaauts)
 A = Elapsed time spent in this place.
 B = Non-inter-level travel time spent in this place.
 C = Inter-level travel time spent in this place.
 D = Time resting spent in this place.
 E = Time spent auto-exploring this place.
 F = Levels seen in this place.
 G = Mean time per level.
                   A        B        C        D        E       F      G
               +--------+--------+--------+--------+--------+-----+--------+
         Total |   9043 |   8643 |    400 |   5543 |    242 |   1 | 9043.0 |
       Dungeon |   9043 |   8643 |    400 |   5543 |    242 |   1 | 9043.0 |
               +--------+--------+--------+--------+--------+-----+--------+

Top non-repeatable levels by time:
       D: 9043 daAuts
